[Event "*** Titled Tuesday Blitz"]
[Site "Chess.com"]
[Date "2020.05.05"]
[Round "1"]
[White "canary2016"]
[Black "Maksimus1998"]
[Result "0-1"]
[WhiteElo "1896"]
[BlackElo "2476"]
[TimeControl "180+1"]
[EndTime "10:07:16 PDT"]
[Termination "Maksimus1998 won by resignation"]

1. Nf3 Nf6 2. g3 g6 3. Bg2 Bg7 4. O-O O-O 5. d4 d6 6. c4 Ne4 7. Qc2 f5 8. Nc3 Nxc3 9. Qxc3 Nc6 10. Rd1 Qe8 11. Qc2 e5 12. dxe5 dxe5 13. Rb1 e4 14. Nd2 e3 15. Nf3 exf2+ 16. Kxf2 h6 17. Be3 Be6 18. b3 Qe7 19. Nd4 Nxd4 20. Bxd4 c6 21. Bxg7 Qxg7 22. Rd6 Qe5 23. Rbd1 Rae8 24. Qd3 Bf7 25.
Bf3 f4 26. Rg1 Qe3+ 27. Kf1 Qxd3 28. Rxd3 fxg3 29. Rxg3 Re7 30. Bh5 g5 31. Bf3 Bg6 32.
Rd6 Kg7 33. Ke1 Rf6 34. Rd8 Rfe6 35. Kd2 Kf6 36. Rd4 h5 37. h3 h4 38. Rg1 Bf5 39. Rh1 Ke5 40. Rd8 Rd6+ 41. Rxd6 Kxd6 42. Kc3 Ke5 43. Kd2 Kf4 44. Rh2 Re5 45. Kc3 Ra5 46. Kb2 Ke3 47. Rh1 Re5 48. Rh2 a5 49.
Rh1 Be4 50. Bg4 Bxh1 51. Kc2 Kf4 52. Kd2 Kg3 53. Bc8 Re7 54. Bf5 Bg2 55. Bd3 Bxh3 56. Kc3 Bg4 57. e4 h3 58. Kd4 h2 59. e5 h1=Q 0-1

[Event "*** Titled Tuesday Blitz"]
[Site "Chess.com"]
[Date "2020.05.05"]
[Round "1"]
[White "Gvetadze"]
[Black "NodariousBIG"]
[Result "0-1"]
[WhiteElo "2376"]
[BlackElo "2723"]
[TimeControl "180+1"]
[EndTime "10:07:17 PDT"]
[Termination "NodariousBIG won by checkmate"]

1. e4 e6 2. d4 d5 3. e5 c5 4. c3 Qb6 5. Nf3 Bd7 6. a3 a5 7.
Nbd2 Bb5 8. a4 Bxf1 9. Nxf1 cxd4 10. Nxd4 Nc6 11. Nxc6 bxc6 12. Ng3 Bc5 13. O-O Ne7 14. Qg4 g6 15. Rb1 h5 16. Qg5 h4 17. Qf6 Rh7 18.
Ne2 Nf5 19. Qg5 Qb3 20. Qg4 O-O-O 21. Bg5 Re8 22. Rfc1 Kd7 23. h3 Rb8 24. Qf3 Rh5 25. Bf6 Ng3 26. Nxg3 hxg3 27. Qxg3 Rf5 28. Kh1 Rxf2 29.
Qh4 Rxb2 30. Rxb2 Qxb2 31. Rf1 Qe2 32. Ra1 Rb2 33. Qg5 Be3 34. Qg3 Bf4 35. Qg4 Qxg4 36. hxg4 c5 37. Rf1 g5 38. Bg7 d4 39. cxd4 cxd4 40.
g3 Be3 41. Rxf7+ Kc6 42. Re7 Kd5 43. Rd7+ Ke4 44. Rd6 Kf3 45. Rxe6 Kxg3 46. Rb6 Rh2# 0-1

[Event "*** Titled Tuesday Blitz"]
[Site "Chess.com"]
[Date "2020.05.05"]
[Round "1"]
[White "KrakenBeast"]
[Black "Mikhail_Biryukov"]
[Result "0-1"]
[WhiteElo "2335"]
[BlackElo "2663"]
[TimeControl "180+1"]
[EndTime "10:07:17 PDT"]
[Termination "Mikhail_Biryukov won by resignation"]

1. d4 Nf6 2. c4 e6 3. Nf3 d5 4. g3 dxc4 5. Bg2 Bb4+ 6. Bd2 c5 7.
dxc5 Bxc5 8. Qa4+ Nc6 9. Qxc4 Qb6 10. O-O O-O 11. Nc3 Qb4 12. Qxb4 Bxb4 13. a3 Ba5 14. b4 Bb6 15. Na4 Bc7 16. Rac1 Bd6 17. Rfd1 Be7 18. b5 Nb8 19. Bb4 Bxb4 20. axb4 Nbd7 21. Nd4 Nb6 22. Nc5 Nbd5 23. Nd3 b6 24. e4 Ne7 25. Rc7 Re8 26.
Ne5 Kf8 27. Ndc6 Nxc6 28. Nxc6 a6 29. Ra1 e5 30. f3 Re6 31. Bf1 Ne8 32. Ra7 Rxa7 33.
Nxa7 Bb7 34. bxa6 Ba8 35. Bc4 Rd6 36. Nc8 Rc6 37. Nxb6 Rxb6 38. b5 Nc7 39. Be2 Ke7 40.
Rc1 Kd7 41. Kf2 Nxb5 42. Rc5 Nd4 43. Rc4 Rb2 0-1

[Event "*** Titled Tuesday Blitz"]
[Site "Chess.com"]
[Date "2020.05.05"]
[Round "1"]
[White "Glidzhian_Gor"]
[Black "ZCorrales"]
[Result "1-0"]
[WhiteElo "2492"]
[BlackElo "2055"]
[TimeControl "180+1"]
[EndTime "10:07:17 PDT"]
[Termination "Glidzhian_Gor won by resignation"]

1. e4 c5 2. d4 cxd4 3. c3 dxc3 4. Nxc3 Nc6 5. Bc4 d6 6. Nf3 e6 7.
O-O Nf6 8. Qe2 Be7 9. Rd1 e5 10. h3 O-O 11. Bg5 Be6 12. Rac1 Bxc4 13. Qxc4 a6 14. Rd2 Rc8 15. Rcd1 Nd4 16. Qd3 Nxf3+ 17. Qxf3 Qb6 18. Bxf6 gxf6 19. Nd5 Qd8 20. Qg4+ Kh8 21. Nxe7 Qxe7 22. Rxd6 Rcd8 23. R6d5 Rxd5 24. Rxd5 Rd8 25. h4 Rxd5 26. exd5 Qd6 27. h5 h6 28. Qe4 Kg7 29. Qg4+ Kh7 30. Qf5+ Kg7 31. Qd3 b5 32. a3 f5 33. g3 Kf6 34. Qd2 Kg7 35. Kg2 e4 36. Qd4+ Qf6 37. Qc5 Qxb2 38. d6 Qd2 39. Qe5+ Kh7 40.
Qxf5+ Kg7 41. Qe5+ Kh7 42. Qxe4+ Kg7 43. Qe5+ Kh7 44. Qe7 Qd5+ 45. Kg1 Qd1+ 46. Kg2 Qd5+ 47. f3 Qd2+ 48. Kh3 Qd5 49. Qe4+ Qxe4 50. fxe4 Kg7 51.
d7 a5 52. d8=Q b4 53. axb4 axb4 54. Qd4+ Kf8 55. Qxb4+ Ke8 56. Qd4 Ke7 57. Qg7 Ke6 58. Qxh6+ f6 59. Qf4 Kf7 60. e5 1-0

[Event "*** Titled Tuesday Blitz"]
[Site "Chess.com"]
[Date "2020.05.05"]
[Round "1"]
[White "VinzentSpitzl"]
[Black "Raja3401"]
[Result "1-0"]
[WhiteElo "2397"]
[BlackElo "2715"]
[TimeControl "180+1"]
[EndTime "10:07:18 PDT"]
[Termination "VinzentSpitzl won on time"]

1. e4 c5 2. Nf3 d6 3. d4 cxd4 4. Nxd4 Nf6 5. Nc3 a6 6. Bg5 e6 7. Qe2 Be7 8. f4 h6 9. Bh4 Nxe4 10. Nxe4 Bxh4+ 11. g3 Be7 12. O-O-O Nc6 13. Nf5 exf5 14.
Nxd6+ Kf8 15. Nxf7 Kxf7 16. Rxd8 Rxd8 17. Qh5+ g6 18.
Qxh6 Be6 19. Qh7+ Kf6 20. g4 fxg4 21. f5 Bxf5 22. Bc4 Ne5 23. Qh4+ g5 24. Qh6+ Bg6 25. Rf1+ Nf3 26. h4 Kf5 27. h5 Kf4 28. Qxg6 Kg3 29. h6 Bc5 30. c3 Rd6 31. Qe4 1-0

[Event "*** Titled Tuesday Blitz"]
[Site "Chess.com"]
[Date "2020.05.05"]
[Round "1"]
[White "mikolka1985"]
[Black "floplover"]
[Result "0-1"]
[WhiteElo "2559"]
[BlackElo "2266"]
[TimeControl "180+1"]
[EndTime "10:07:18 PDT"]
[Termination "floplover won on time"]

1. d4 Nf6 2. c4 e6 3. Nc3 Bb4 4. f3 d5 5. a3 Bxc3+ 6. bxc3 c5 7. cxd5 Nxd5 8. dxc5 f5 9. Nh3 Qa5 10. Qd2 Qxc5 11. c4 Nf6 12. e3 O-O 13. Be2 Nc6 14. a4 Rd8 15. Qc3 a5 16. Nf2 e5 17. Ba3 Nb4 18.
O-O Be6 19. Bb2 Nc6 20. Rfe1 e4 21. fxe4 fxe4 22. Nxe4 Qe5 23. Nxf6+ gxf6 24. Qc1 Qg5 25. Rf1 Ne5 26. Bd4 Rac8 27. Ra2 Bxc4 28. Rc2 Be6 29. Rxc8 Rxc8 30. Qb2 Bd5 31. Bb5 Be4 32. Rf2 Nf3+ 33. Kh1 Nxd4 34. Qxd4 Rc1+ 0-1

[Event "*** Titled Tuesday Blitz"]
[Site "Chess.com"]
[Date "2020.05.05"]
[Round "1"]
[White "S-Fazulyanov"]
[Black "Eloist"]
[Result "1-0"]
[WhiteElo "2577"]
[BlackElo "2246"]
[TimeControl "180+1"]
[EndTime "10:07:18 PDT"]
[Termination "S-Fazulyanov won on time"]

1. e4 e6 2. d4 d5 3. e5 c5 4. c3 Qb6 5. Nf3 Bd7 6. a3 Bb5 7. c4 Bxc4 8. Bxc4 dxc4 9. d5 Qb3 10.
dxe6 Qxd1+ 11. Kxd1 fxe6 12. Ng5 Ke7 13. Nd2 Nc6 14.
Nxc4 Rd8+ 15. Ke1 b5 16. Nd6 Nxe5 17. Nxb5 Nf6 18. Be3 Nd3+ 19. Ke2 h6 20. Rad1 hxg5 21. Rxd3 Rxd3 22. Kxd3 a6 23. Bxc5+ Kf7 24. Bxf8 Rxf8 25. Nc3 Rd8+ 26. Kc2 Ng4 27. h3 Ne5 28. Ne4 Kg6 29.
Rd1 Rc8+ 30. Nc3 Kf5 31. Rd6 a5 32. Ra6 Nc4 33. g3 Rd8 34. Kb3 Nd2+ 35. Kc2 Nc4 36.
Kb3 Nd2+ 37. Ka2 Nc4 38. b3 Rd2+ 39. Ka1 Ne5 40. Rxa5 Rxf2 41. g4+ Kf4 42. Kb1 Rh2 43. b4 Nd3 44. Ra8 Rb2+ 45. Ka1 Rc2 46. Rf8+ Kg3 47.
Ne4+ 1-0

[Event "*** Titled Tuesday Blitz"]
[Site "Chess.com"]
[Date "2020.05.05"]
[Round "1"]
[White "algatar2020"]
[Black "Pomegranate988"]
[Result "0-1"]
[WhiteElo "1828"]
[BlackElo "2475"]
[TimeControl "180+1"]
[EndTime "10:07:18 PDT"]
[Termination "Pomegranate988 won by resignation"]

1. Nf3 g6 2. d3 Bg7 3. g3 e5 4. Bg2 d5 5. O-O c5 6. Nc3 Ne7 7. e4 d4 8. Ne2 Nbc6 9. c3 O-O 10.
cxd4 cxd4 11. a3 a5 12. Nd2 a4 13. f4 b5 14. Nf3 f6 15. h3 Be6 16. g4 Rc8 17. f5 Bb3 18. Qe1 g5 19. h4 h6 20. Ng3 Rc7 21. Nh5 Nc8 22. hxg5 hxg5 23. Qg3 Nd6 24. Rf2 Rff7 25. Bf1 Bf8 26. Rh2 Rh7 27. Bd2 Ne8 28. Re1 Bf7 29. Be2 Bxh5 30.
gxh5 Bh6 31. Kg2 Rhg7 32. Qg4 Rc8 33. Rhh1 Na5 34. Kf2 Nb3 35. Rd1 Rc2 36. Ke1 Rxb2 37. Bb4 Qc7 38. Nh2 Nc1 39. Bf3 Qc2 40. Qg3 Nxd3+ 41. Kf1 Nxb4 42. Ng4 Kh7 43. Nxh6 Kxh6 44. axb4 a3 45. Qe1 a2 46. Ra1 Rb1 47. Rxb1 axb1=Q 0-1

[Event "*** Titled Tuesday Blitz"]
[Site "Chess.com"]
[Date "2020.05.05"]
[Round "1"]
[White "Beca95"]
[Black "MasterKroket"]
[Result "1-0"]
[WhiteElo "2861"]
[BlackElo "2438"]
[TimeControl "180+1"]
[EndTime "10:07:19 PDT"]
[Termination "Beca95 won by checkmate"]

1. Nf3 Nf6 2. c4 e6 3. Nc3 d5 4. e3 Be7 5. b3 O-O 6. Bb2 c5 7.
cxd5 Nxd5 8. h4 Bf6 9. Qb1 Nxc3 10. Bxc3 Bxc3 11. dxc3 Qf6 12. Qc2 e5 13. Bd3 h6 14.
O-O-O a5 15. Ng5 Re8 16. Bb5 Bf5 17. e4 Nc6 18. exf5 hxg5 19. hxg5 Qxg5+ 20. Kb2 e4 21. Rh3 Qxf5 22. Rdh1 g6 23. Qd2 Kg7 24. Rh7+ Kf6 25. g4 Qe5 26. Bc4 Rf8 27. Qd7 Qe7 28. Qd5 Qe5 29. Rxf7+ Rxf7 30. Qxf7+ Kg5 31. Qh7 Kf4 32. Qh2+ Kg5 33. Qh4+ Kf4 34. g5+ Kf5 35. Rg1 Qf4 36. Qh3+ Ke5 37. Qe6# 1-0

[Event "*** Titled Tuesday Blitz"]
[Site "Chess.com"]
[Date "2020.05.05"]
[Round "1"]
[White "rakshi2005"]
[Black "UCantHandleDenker"]
[Result "0-1"]
[WhiteElo "2268"]
[BlackElo "2596"]
[TimeControl "180+1"]
[EndTime "10:07:20 PDT"]
[Termination "UCantHandleDenker won by resignation"]

1. e4 c5 2. Nf3 d6 3. d4 cxd4 4.
Nxd4 Nf6 5. Nc3 g6 6. Be3 Bg7 7. Nb3 O-O 8. Be2 Nc6 9. O-O a6 10. f4 b5 11. Bf3 Bb7 12. Nd5 Nxd5 13. exd5 Na5 14. Nxa5 Qxa5 15. c3 Rac8 16. Qe2 Rc4 17.
Rfe1 Rfc8 18. Qf2 Qd8 19. Re2 Bf6 20. Rae1 Qd7 21. Qg3 Qd8 22. Qh3 b4 23. cxb4 Rxb4 24. b3 a5 25. f5 a4 26. fxg6 hxg6 27. Bg4 Rc3 28. bxa4 Rxa4 29. Bf3 Rxe3 30. Rxe3 Bd4 31. Be4 Rxa2 32. Kh1 Bxe3 33. Qxe3 Qa5 34. Bxg6 Qxd5 35. Be4 Qxe4 36. Qg5+ Qg6 37. Qxg6+ fxg6 38. h4 Bxg2+ 39. Kg1 Kf7 40. Rc1 Be4 41. Rf1+ Bf5 42. h5 e6 43.
hxg6+ Kxg6 0-1

[Event "*** Titled Tuesday Blitz"]
[Site "Chess.com"]
[Date "2020.05.05"]
[Round "1"]
[White "Megagigahiper3345"]
[Black "Ashedu66"]
[Result "1-0"]
[WhiteElo "2519"]
[BlackElo "2145"]
[TimeControl "180+1"]
[EndTime "10:07:20 PDT"]
[Termination "Megagigahiper3345 won by checkmate"]

1. d4 d6 2. e4 g6 3. h4 h5 4. Nc3 Bg7 5. Be3 Nf6 6. f3 Nc6 7. Nge2 O-O 8. Qd2 b5 9. Nxb5 Rb8 10. c4 a6 11. Nbc3 Na5 12. b3 c6 13. Nf4 Qc7 14.
Nd3 e6 15. Be2 c5 16. dxc5 dxc5 17. Bf4 Qb7 18. Bxb8 Qxb8 19. O-O Nc6 20. Rae1 Nd4 21. e5 Nd7 22. f4 Bb7 23. Nf2 f6 24. exf6 Nxf6 25.
Qe3 Qa8 26. Qh3 Kh7 27. Bd1 Rd8 28. Kh2 Nf5 29. Bf3 Ng4+ 30. Nxg4 hxg4 31. Qxg4 Bxc3 32.
Rxe6 Bxf3 33. Qxg6+ Kh8 34. Qxf5 Rg8 35. Rxf3 Bd4 36.
Rh6+ Kg7 37. Rh7# 1-0

[Event "*** Titled Tuesday Blitz"]
[Site "Chess.com"]
[Date "2020.05.05"]
[Round "1"]
[White "MilanovicDan"]
[Black "GM_dmitrij"]
[Result "1-0"]
[WhiteElo "2482"]
[BlackElo "2970"]
[TimeControl "180+1"]
[EndTime "10:07:21 PDT"]
[Termination "MilanovicDan won on time"]

1. d4 Nf6 2. c4 e6 3. Nc3 Bb4 4.
e3 c5 5. Bd3 O-O 6. Ne2 cxd4 7.
exd4 d5 8. cxd5 Nxd5 9. Bc2 Nc6 10. Qd3 g6 11. Bh6 Re8 12. Rd1 Qh4 13. Qd2 Qe7 14. h4 e5 15. O-O Bxc3 16. bxc3 exd4 17. Nxd4 Be6 18. Nxe6 fxe6 19. h5 Qf6 20. hxg6 hxg6 21.
c4 Nde7 22. Bg5 Qf7 23. Qc3 Nf5 24. Rd3 e5 25. c5 Ncd4 26. Bd1 Qxa2 27. g4 Ng7 28. Rxd4 exd4 29. Bb3+ Ne6 30. Qh3 Qe2 31. Bf6 Kf7 32. g5 Qh5 33. Qg2 Rab8 34. Re1 d3 35. Qe4 d2 36. Rd1 Re7 37. Rxd2 1-0

[Event "*** Titled Tuesday Blitz"]
[Site "Chess.com"]
[Date "2020.05.05"]
[Round "1"]
[White "2nd_life"]
[Black "kuli4ik"]
[Result "0-1"]
[WhiteElo "2412"]
[BlackElo "2793"]
[TimeControl "180+1"]
[EndTime "10:07:21 PDT"]
[Termination "kuli4ik won on time"]

1. e4 Nf6 2. e5 Nd5 3. d4 d6 4.
Nf3 Nb6 5. exd6 cxd6 6. a4 g6 7. a5 N6d7 8. Bc4 e6 9. Bg5 Qc7 10. Na3 a6 11. O-O Bg7 12. Qd2 O-O 13. b4 Nf6 14.
Bd3 e5 15. Rfe1 Nc6 16. dxe5 dxe5 17. Qc3 Nd5 18. Qc5 Ndxb4 19. Nc4 Nxd3 20. cxd3 Bf5 21. Nfxe5 Rae8 22. Nxc6 Qxc6 23. Qxc6 bxc6 24. Rad1 Bxd3 25. Rxe8 Rxe8 26. Nd6 Re6 27. Nb7 Bf8 28. Be3 Bb5 29.
Rd8 Kg7 30. h3 Be7 31. Rd7 c5 32. Rc7 c4 33. Nc5 Bxc5 34. Bxc5 g5 35. Bd4+ Kg6 36. f3 Rd6 0-1

[Event "*** Titled Tuesday Blitz"]
[Site "Chess.com"]
[Date "2020.05.05"]
[Round "1"]
[White "MichailovM"]
[Black "HonzaVykouk"]
[Result "0-1"]
[WhiteElo "2367"]
[BlackElo "2710"]
[TimeControl "180+1"]
[EndTime "10:07:21 PDT"]
[Termination "HonzaVykouk won by resignation"]

1. e4 c5 2. Nf3 d6 3. d4 cxd4 4.
Nxd4 Nf6 5. Nc3 a6 6. Bg5 e6 7. f4 h6 8. Bh4 Qb6 9. Qd3 Nbd7 10.
O-O-O Qc7 11. f5 e5 12. Nb3 b5 13. a3 Bb7 14. Be2 Rc8 15. Bf3 Be7 16. Bxf6 Nxf6 17.
g4 Nd7 18. h4 Nb6 19. Na5 Ba8 20. Qd2 Na4 21. Nxa4 bxa4 22. Qb4 O-O 23. Qxa4 Rfd8 24.
Kb1 Qb6 25. Rd3 Rc5 26. Nb3 Bc6 27. Qb4 Rb5 28. Qd2 a5 29. g5 a4 30. f6 Bf8 31.
fxg7 Bxg7 32. gxh6 Bf6 33. Rg1+ Kh8 34. Qg2 axb3 35.
c4 Rc5 36. Bh5 Rxc4 37. Bxf7 Bxe4 38. Qg8+ Rxg8 39. Rxg8+ Kh7 0-1

[Event "*** Titled Tuesday Blitz"]
[Site "Chess.com"]
[Date "2020.05.05"]
[Round "1"]
[White "shav3184"]
[Black "Leonid_Starozhilov"]
[Result "0-1"]
[WhiteElo "2330"]
[BlackElo "2658"]
[TimeControl "180+1"]
[EndTime "10:07:21 PDT"]
[Termination "Leonid_Starozhilov won by resignation"]

1. e4 g6 2. d4 Bg7 3. Nf3 d6 4. Nc3 Nf6 5. Be2 O-O 6. O-O Bg4 7. Be3 Nc6 8. d5 Bxf3 9. Bxf3 Ne5 10. Be2 c6 11. f4 Ned7 12. dxc6 bxc6 13. Kh1 Qa5 14. Bf3 Rab8 15. Rb1 Nb6 16. b4 Qa6 17. e5 Nfd5 18.
Nxd5 cxd5 19. exd6 e6 20. Bc5 Na4 21. Be2 Qc6 22. Rb3 Nxc5 23. bxc5 Rxb3 24. axb3 Qxc5 25. d7 Qc6 26. c4 Qxd7 27. cxd5 exd5 28. f5 Qd6 29.
Qd3 Be5 30. h3 Kg7 31. Bf3 Rd8 32. Rd1 d4 33. Be4 Bf6 34. Qc4 Qf4 35. Qd3 Be5 36. Kg1 Rc8 37. Rd2 Rc1+ 38. Rd1 Rxd1+ 39. Qxd1 Qxe4 0-1

[Event "*** Titled Tuesday Blitz"]
[Site "Chess.com"]
[Date "2020.05.05"]
[Round "1"]
[White "TregubovP"]
[Black "lamomiablanca"]
[Result "1/2-1/2"]
[WhiteElo "2496"]
[BlackElo "2120"]
[TimeControl "180+1"]
[EndTime "10:07:21 PDT"]
[Termination "Game drawn by agreement"]

1. e4 c5 2. Nf3 Nc6 3. c3 Nf6 4. e5 Nd5 5. d4 cxd4 6. cxd4 d6 7. Bc4 e6 8. O-O Be7 9. Qe2 O-O 10. Rd1 Bd7 11.
a3 Rc8 12. Bd3 dxe5 13. dxe5 Qc7 14. Qe4 g6 15. Bh6 Rfd8 16. Nbd2 Be8 17. Rac1 a6 18.
Bc4 b5 19. Ba2 Qb6 20. Nf1 Nc7 21. Ne3 Rxd1+ 22. Rxd1 Rd8 23. Rxd8 Bxd8 24. h4 Ne7 25. Bg5 Bc6 26. Qd3 Ncd5 27. Nxd5 Nxd5 28. Qd2 Bxg5 29. Qxg5 Qc7 30. Qh6 Be8 31. g3 a5 32. Ng5 Qxe5 33.
Qxh7+ Kf8 34. Qh6+ Ke7 35. Nf3 Qxb2 36. Bxd5 exd5 37. Qg5+ Kf8 38. Qxd5 Qc1+ 39. Kg2 Qc6 40. Qd4 Qb7 41. Qh8+ Ke7 42. Qe5+ Kf8 43. Qh8+ Ke7 44. Qe5+ 1/2-1/2

[Event "*** Titled Tuesday Blitz"]
[Site "Chess.com"]
[Date "2020.05.05"]
[Round "1"]
[White "mirceaparligras"]
[Black "Oligan22"]
[Result "1-0"]
[WhiteElo "2660"]
[BlackElo "2332"]
[TimeControl "180+1"]
[EndTime "10:07:22 PDT"]
[Termination "mirceaparligras won on time"]

1. Nc3 d5 2. e4 dxe4 3. Nxe4 Nf6 4. Nxf6+ exf6 5. Bc4 Bd6 6. Nf3 O-O 7. O-O Bg4 8. d4 Nd7 9. c3 Re8 10. h3 Bh5 11. Bd2 c6 12. g4 Bg6 13. Nh4 Nb6 14.
Bb3 Be4 15. Re1 Bc7 16. Ng2 Nd5 17. f3 Bg6 18. Rxe8+ Qxe8 19. Bxd5 cxd5 20. Nf4 Qb5 21. Qb3 Qxb3 22. axb3 Bxf4 23. Bxf4 a6 24. Re1 Rd8 25.
Re7 b5 26. b4 h5 27. Kf2 hxg4 28. hxg4 Kf8 29. Ra7 Bd3 30. Rxa6 Re8 31. Be3 f5 32. gxf5 Bxf5 33. Rd6 Be6 34. Rb6 Bd7 35. Rb7 Bf5 36. Rxb5 Be6 37. Rc5 Ra8 38. Ra5 Re8 39. b5 g6 40. b6 Rb8 41. Rb5 Rb7 42. Bf4 Bd7 43. Rb4 Bc6 44. Bc7 Ke7 45. Rb3 Kd7 46. Ra3 f6 47. Ra1 1-0

[Event "*** Titled Tuesday Blitz"]
[Site "Chess.com"]
[Date "2020.05.05"]
[Round "1"]
[White "Margarita2907"]
[Black "Oglob71"]
[Result "0-1"]
[WhiteElo "1968"]
[BlackElo "2480"]
[TimeControl "180+1"]
[EndTime "10:07:22 PDT"]
[Termination "Oglob71 won on time"]

1. d4 Nf6 2. Nf3 e6 3. e3 b6 4.
Bd3 Bb7 5. O-O Be7 6. c4 O-O 7. b3 c5 8. Bb2 d6 9. Nbd2 Nbd7 10. Qe2 Rc8 11. e4 cxd4 12. Nxd4 a6 13. f4 Qc7 14.
N2f3 Nc5 15. e5 dxe5 16. fxe5 Nfd7 17. Bc2 b5 18. cxb5 axb5 19. Nxb5 Qb6 20. Bd4 Ba6 21.
a4 Qb7 22. Kh1 Bxb5 23. axb5 Rb8 24. b4 Qxb5 25. Qxb5 Rxb5 26. bxc5 Nxc5 27. Bxc5 Rxc5 28. Be4 Rfc8 29. h3 g6 30. Ra7 R8c7 31. Rxc7 Rxc7 32.
Kh2 h6 33. Ra1 Bf8 34. Ra8 Kg7 35. Re8 Bb4 36. Bb1 Bc3 37. Ba2 Ra7 38. Bc4 Rc7 39.
Bd3 Rc5 40. Re7 Bxe5+ 41. Nxe5 Rxe5 42. Bc4 Kf6 43. Ra7 Rc5 44. Be2 h5 45. Kg3 Rc3+ 46. Kf2 Rc2 47. Ra5 Rb2 48. Ra6 h4 49. Kf3 Kg5 50. Kf2 e5 51. Ra4 f5 52. Ra5 e4 53.
Ke3 Rb3+ 0-1

[Event "*** Titled Tuesday Blitz"]
[Site "Chess.com"]
[Date "2020.05.05"]
[Round "1"]
[White "sergiochess83"]
[Black "erlesfar"]
[Result "0-1"]
[WhiteElo "2814"]
[BlackElo "2444"]
[TimeControl "180+1"]
[EndTime "10:07:23 PDT"]
[Termination "erlesfar won by resignation"]

1. e4 c5 2. Nf3 e6 3. d4 cxd4 4. Nxd4 Nc6 5. Nc3 Qc7 6. g3 a6 7. Bg2 Nf6 8. O-O h5 9. h3 h4 10. g4 Nxd4 11. Qxd4 Bc5 12. Qd3 Qg3 13. Bg5 Nxg4 14. hxg4 Qxg4 15. Bd2 h3 16. Qf3 Qxg2+ 17.
Qxg2 hxg2 18. Kxg2 b5 19. Rh1 O-O 20. Rh5 Bd4 21. a4 Bb7 22. f3 b4 23. Ne2 Bxb2 24. Rb1 Bf6 25. Bxb4 Rfc8 26. c3 g6 27. Rh3 d5 28.
Bd6 Bc6 29. e5 Bg7 30. a5 Bb5 31. Nd4 Rxc3 32. Nxb5 axb5 33. Rxb5 Rc2+ 34. Kg3 Ra2 35. Bc7 d4 36. Rh2 Rxh2 37. Kxh2 Rc8 38. Bd6 d3 39. Rb1 d2 40. Rd1 Bh6 41. Kg3 Rc1 0-1

[Event "*** Titled Tuesday Blitz"]
[Site "Chess.com"]
[Date "2020.05.05"]
[Round "1"]
[White "LuckSlayeer"]
[Black "Boninknights"]
[Result "1-0"]
[WhiteElo "2516"]
[BlackElo "2138"]
[TimeControl "180+1"]
[EndTime "10:07:23 PDT"]
[Termination "LuckSlayeer won on time"]

1. Nf3 Nf6 2. c4 g6 3. Nc3 Bg7 4. e4 d6 5. d4 O-O 6. Be2 e5 7. O-O exd4 8. Nxd4 Re8 9. f3 Nc6 10.
Be3 Nh5 11. Qd2 Nf4 12. Nxc6 Bxc3 13. bxc3 Nxe2+ 14. Qxe2 bxc6 15. Qf2 Ba6 16. Bh6 Qf6 17. Be3 c5 18. Qg3 Qxc3 19. Bh6 Qd4+ 20. Kh1 Qe5 21. Bf4 Qe6 22. Rfc1 Rab8 23. Bd2 Bxc4 24. Bc3 Ba6 25. Qg5 Rb7 26. f4 f6 27. Bxf6 Qxe4 28.
Bc3 Qf5 29. Qh6 Qf8 30. Qg5 Qf5 31. Qh6 Qf8 32. Qh4 Rbb8 33. Re1 Rxe1+ 34. Rxe1 Re8 35. Rxe8 Qxe8 36. Qf6 1-0

[Event "*** Titled Tuesday Blitz"]
[Site "Chess.com"]
[Date "2020.05.05"]
[Round "1"]
[White "Muguet7"]
[Black "Konavets"]
[Result "0-1"]
[WhiteElo "2462"]
[BlackElo "2943"]
[TimeControl "180+1"]
[EndTime "10:07:24 PDT"]
[Termination "Konavets won by checkmate"]

1. d4 Nf6 2. c4 e6 3. Nf3 b6 4. g3 Ba6 5. b3 d5 6. Bg2 Be7 7. O-O O-O 8. Nbd2 c5 9. Bb2 Nc6 10.
cxd5 exd5 11. Rc1 Re8 12. Re1 Rc8 13. dxc5 Bxc5 14. e3 Nb4 15. Ne5 Nxa2 16. Ra1 Nb4 17. Ndf3 Bd6 18. Bf1 Bxf1 19. Rxf1 a5 20. Nd3 Nc6 21.
Rc1 Ne4 22. Nd4 Qd7 23. Qh5 Nxd4 24. Bxd4 Rxc1 25. Nxc1 Bc5 26. Ne2 Nd2 27. Rd1 Nxb3 28. Bxc5 Nxc5 29. Rxd5 Qe7 30. Nd4 g6 31. Qg4 Qf6 32.
h4 a4 33. Nb5 Qc6 34. Qc4 Ra8 35. Rd6 Qe4 36. Qa2 Nb3 37. Rxb6 Qb4 38. Rb7 Rf8 39.
Qc2 Na5 40. Rb6 a3 41. Qa2 Nc4 42. Rc6 Ne5 43. Rb6 Qc5 44. Rb7 Qc6 45. Re7 Nf3+ 46.
Kf1 Qxb5+ 47. Kg2 Qc6 48. Qxa3 Nxh4+ 49. Kh3 Qh1+ 50. Kg4 Qf3+ 51. Kxh4 Qh5# 0-1

[Event "*** Titled Tuesday Blitz"]
[Site "Chess.com"]
[Date "2020.05.05"]
[Round "1"]
[White "Ave_Mariia"]
[Black "ChessAintFun"]
[Result "0-1"]
[WhiteElo "2300"]
[BlackElo "2621"]
[TimeControl "180+1"]
[EndTime "10:07:24 PDT"]
[Termination "ChessAintFun won by resignation"]

1. d4 Nf6 2. c4 e6 3. g3 Bb4+ 4. Bd2 Be7 5. Nf3 d5 6. Bg2 O-O 7. O-O c6 8. Qc2 Nbd7 9. Bf4 b6 10. Nc3 dxc4 11. e4 a5 12. Rad1 b5 13. Ne5 Nxe5 14.
dxe5 Nd7 15. a4 Ba6 16. Rd2 Qc7 17. Rfd1 Rad8 18. axb5 cxb5 19. Rd6 Bxd6 20. exd6 Qc5 21. Be3 Qh5 22. f4 b4 23. Na4 Bb5 24. Nb6 Rb8 25. Nxd7 Bxd7 26. e5 c3 27. bxc3 bxc3 28. Rf1 Rfc8 29.
Bd4 Rb2 30. Qe4 Bc6 31. Qxc6 Rxc6 32. d7 Rb8 33. Bxc6 c2 34. Bb6 Qd1 35. Be3 Rd8 36. Ba4 Qd3 37. Kf2 g5 38. Rc1 Qa3 39. Bxc2 Rxd7 40.
Be4 a4 41. Rc8+ Kg7 42. fxg5 Qb2+ 43. Kf3 Rd1 44. h4 Rf1+ 45. Kg4 Qe2+ 46. Kh3 Qxe3 47. Bg2 Rg1 48. h5 Qxg5 0-1

[Event "*** Titled Tuesday Blitz"]
[Site "Chess.com"]
[Date "2020.05.05"]
[Round "1"]
[White "WinstonSilvakov"]
[Black "LastHeroJr"]
[Result "0-1"]
[WhiteElo "2190"]
[BlackElo "2535"]
[TimeControl "180+1"]
[EndTime "10:07:24 PDT"]
[Termination "LastHeroJr won on time"]

1. d4 Nf6 2. e3 g6 3. Bd3 Bg7 4.
Nd2 O-O 5. f4 d6 6. Ngf3 Nc6 7.
c3 e5 8. fxe5 dxe5 9. Qe2 exd4 10. cxd4 Re8 11. O-O Nd5 12. Nb3 Qe7 13. e4 Ndb4 14. Bb1 Bg4 15. Rd1 Rad8 16. Be3 a5 17.
a3 Na6 18. h3 Bxf3 19. Qxf3 a4 20. Nc1 Nxd4 21. Qf2 c5 22. Kh1 Nc7 23. Re1 Nce6 24. Nd3 Nb3 25. Ra2 Ned4 26. Bf4 Qd7 27. Rf1 Qe6 28.
Nc1 Qc4 29. Nxb3 Nxb3 30. Bc2 Nd4 31. Bb1 Ne2 32. Re1 Nxf4 33. Qxf4 Be5 34. Qf3 Rd2 35. Rf1 Red8 36. b3 axb3 37. Rxd2 Rxd2 0-1

[Event "*** Titled Tuesday Blitz"]
[Site "Chess.com"]
[Date "2020.05.05"]
[Round "1"]
[White "NotFischer"]
[Black "Alohamora11"]
[Result "1/2-1/2"]
[WhiteElo "2147"]
[BlackElo "2508"]
[TimeControl "180+1"]
[EndTime "10:07:24 PDT"]
[Termination "Game drawn by repetition"]

1. d4 Nf6 2. Nf3 c5 3. g3 g6 4. Bg2 Bg7 5. O-O O-O 6. c4 cxd4 7. Nxd4 Nc6 8. Nc3 Nxd4 9. Qxd4 d6 10. Qh4 Ng4 11. h3 Ne5 12. Bg5 Re8 13. Rac1 Rb8 14. Rfd1 Be6 15. Nd5 Bxd5 16. cxd5 Qd7 17. e4 f6 18. Be3 b5 19. f4 Nc4 20. Bd4 Rec8 21. Bf1 h6 22. Qg4 Qxg4 23. hxg4 a6 24. b3 Na5 25. Bd3 f5 26. Bxg7 fxe4 27. Bxh6 exd3 28. Rxc8+ Rxc8 29. Rxd3 Rc2 30. a4 b4 31. Re3 Kf7 32.
Bg5 Rc7 33. Re4 Nxb3 34. Rxb4 Nd2 35. Rb6 Nf3+ 36. Kf2 Nxg5 37. fxg5 a5 38. Rb5 Ra7 39. Ke3 Ke8 40. Kd4 Kd7 41. Kc4 Rc7+ 42. Kd4 Ra7 43. Kc4 Rc7+ 44. Kd4 Rc1 45. Rxa5 Rg1 46. Ra7+ Kd8 47.
Ke4 Rxg3 48. Kf4 Rg1 49. a5 Rf1+ 50. Ke4 Rg1 51. Kf4 Rf1+ 52. Ke4 Rg1 53. Kf4 1/2-1/2

[Event "*** Titled Tuesday Blitz"]
[Site "Chess.com"]
[Date "2020.05.05"]
[Round "1"]
[White "adriangschnitzer"]
[Black "GukeshDommaraju"]
[Result "0-1"]
[WhiteElo "2409"]
[BlackElo "2791"]
[TimeControl "180+1"]
[EndTime "10:07:25 PDT"]
[Termination "GukeshDommaraju won by resignation"]

1. e4 c5 2. Nf3 Nc6 3. d4 cxd4 4. Nxd4 Nf6 5. Nc3 e5 6. Ndb5 d6 7. Bg5 a6 8. Na3 b5 9. Nd5 Be7 10. Bxf6 Bxf6 11. c3 Bg5 12. Nc2 Rb8 13. a3 O-O 14. g3 Be6 15. Bg2 a5 16. O-O Ne7 17. Nce3 Bxe3 18.
Nxe3 Qb6 19. Kh1 b4 20. axb4 axb4 21. Qd2 bxc3 22. bxc3 Rfd8 23. f4 f6 24. fxe5 dxe5 25. Nd5 Qc5 26. Rad1 Bxd5 27. exd5 Rd6 28. Bh3 Rbd8 29.
Qf2 Qxc3 30. Be6+ Kf8 31. Rc1 Qd3 32. Qa7 Qe4+ 33. Kg1 Qd4+ 34. Qxd4 exd4 35. Rc7 d3 36.
Rd1 d2 37. Rxd2 Rxe6 38. dxe6 Rxd2 39. Rd7 Rxd7 40. exd7 Nc6 0-1